 Dungeon Crawl Stone Soup version 0.28-a0-850-g09de17f5b5 (webtiles) character file.

Game seed: 1739095408821159062

1519 tatocazan the Chopper (level 8, -3/63 HPs)
             Began as a Demonspawn Fighter on Nov 13, 2021.
             Was a Priest of Uskayaw.
             Killed by divine providence
             ... invoked by an orc priest
              (9 damage)
             ... on level 6 of the Dungeon.
             The game lasted 00:07:24 (5858 turns).

tatocazan the Chopper (Demonspawn Fighter)          Turns: 5858, Time: 00:07:25

Health: -3/63      AC: 12    Str: 25    XL:     8   Next: 54%
Magic:  9/9        EV:  8    Int: 11    God:    Uskayaw [***...]
Gold:   230        SH:  9    Dex: 13    Spells: 7/7 levels left

rFire   . . .      SeeInvis .   a - +1 war axe (vamp)
rCold   + . .      Faith    .   d - +0 kite shield
rNeg    . . .      Spirit   .   s - +0 chain mail
rPois   .          Reflect  .   r - +1 helmet
rElec   .          Harm     .   (no cloak)
rCorr   .          Rampage  .   (no gloves)
Will    .....                   (no boots)
Stlth   ..........              b - amulet of Inumif {Acrobat rC+ Int+2 Slay+2}
HPRegen 0.20/turn               i - +6 ring of strength
MPRegen 0.11/turn               (no ring)

@: no status effects
A: repulsion field 1, ignite blood 1, demonic touch 2
a: Renounce Religion, Stomp, Line Pass


You were on level 6 of the Dungeon.
You worshipped Uskayaw.
Uskayaw was noncommittal.
You visited 2 branches of the dungeon, and saw 7 of its levels.

You collected 230 gold pieces.

Inventory:

Hand Weapons
 a - a +1 vampiric war axe (weapon)
Missiles
 n - 2 atropa-tipped darts (quivered)
Armour
 d - a +0 kite shield (worn)
 r - a +1 helmet (worn)
 s - a +0 chain mail (worn)
Jewellery
 b - the amulet of Inumif (around neck) {Acrobat rC+ Int+2 Slay+2}
   (You acquired it on level 3 of the Dungeon)

   [amulet of the acrobat]

   It increases your evasion while moving and waiting.
   Int:       It affects your intelligence (+2).
   Slay:      It affects your accuracy & damage with ranged weapons and melee
   (+2).
   rC:        It protects you from cold.
 i - a +6 ring of strength (left hand)
 j - an amulet of magic regeneration
 q - a ring of wizardry
Wands
 f - a wand of flame (20)
Scrolls
 c - a scroll of immolation
 e - 4 scrolls of identify
 g - 2 scrolls of fear
Potions
 l - a potion of attraction
 o - 2 potions of brilliance
 p - 3 potions of haste
 t - a potion of curing {unknown}
 w - a potion of resistance {unknown}


   Skills:
 + Level 5.5 Fighting
 * Level 6.3 Axes
 + Level 5.1 Armour
 + Level 5.1 Shields
 + Level 1.8 Invocations


You had 7 spell levels left.
You didn't know any spells.
Your spell library contained the following spells:

 Spells                   Type           Power      Damage    Failure   Level
 Foxfire                  Conj/Fire      0%         2x1d4     100%        1
 Ensorcelled Hibernation  Hex/Ice        0%         N/A       100%        2
 Scorch                   Fire           0%         2d5       100%        2
 Conjure Flame            Conj/Fire      0%         6-21      100%        3
 Inner Flame              Hex/Fire       0%         N/A       100%        3
 Spider Form              Tmut/Pois      0%         N/A       100%        3
 Flame Wave               Conj/Fire      0%         3d3       100%        4
 Summon Cactus Giant      Summ           0%         N/A       100%        6


Dungeon Overview and Level Annotations

Branches:
Dungeon (6/15)             Temple (1/1) D:5

Altars:
Ashenzari
Cheibriados
Hepliaklqana
Makhleb
Nemelex Xobeh
Qazlal
Ru
Trog
Uskayaw
Xom

Shops:
D:4 [

Annotations:
D:5 3 runed translucent doors, AttackTheMoon's ghost, novice KoDe


Innate Abilities, Weirdness & Mutations

You are surrounded by a mild repulsion field. (EV +2)
Your demonic aura sometimes causes spilled blood to erupt in flames.
Your touch may inflict irresistible damage on your foes.


Message History

You block the orc priest's attack.
An orc comes into view. It is wielding a +0 dagger.
The orc shouts!
You slash the orc priest!
You kill the orc priest!
An orc priest comes into view.
It is wielding a +0 trident and carrying a wand of flame (9).
An orc comes into view. It is wielding a +0 falchion.
An orc priest comes into view. It is wielding a +0 hand axe.
The orc priest moves out of view.
Uskayaw will force your foes to helplessly watch your dance.
Uskayaw prepares the audience for your solo!
An orc comes into view. It is wielding a +0 mace.
The orc shouts!
The orc priest is no longer paralysed.
Things that are here:
a +0 whip; a +0 chain mail The helpless orc fails to defend itself.
You slash the orc!
You feel better.
You kill the orc!
The orc is no longer paralysed. x2
The orc priest mumbles some strange prayers to Beogh against you.
Pain shoots through your body!
The orc priest mumbles some strange prayers to Beogh against you.
Beogh smites you!
* * * LOW HITPOINT WARNING * * *
You hear a shout!
An ogre comes into view. It is wielding a +0 giant club.
The ogre shouts!
The orc priest miscasts a cantrip.
Things that are here:
a +0 short sword; an orc corpse You take 18 damage, and have 5/63 hp.
MASSIVE DAMAGE!!
You hit the orc.
The orc is heavily wounded.
You slash the orc!
You kill the orc!
You block the orc's attack.
The orc priest calls down the wrath of Beogh upon you.
Beogh smites you!
You die...

#...## ##....# ...
###....###.....#....
#.................... ####
##...................
#..####....................
##...#......(...............
.....#.........)............
......†.........).....#./##.
.#..............@..........
.##..#...#.....)o.....#.#..
.#.###.###.....oo.....###
....##..###.....<.......
#†.......##.............
##...##..###..o.O.......
##.#<....#.............
###.....##............
......#


You could see an ogre, 2 orc priests and 2 orcs.

Vanquished Creatures
  Grinder (D:3)
  Sigmund (D:3)
  A water moccasin (D:5)
  An acid dragon (D:6)
  2 necrophages (D:4)
  An ogre (D:5)
  A phantom (D:4)
  Blork the orc (D:4)
  A water moccasin skeleton (D:6)
  2 hounds
  2 orc priests (D:6)
  A jelly (D:5)
  2 bullfrog skeletons
  Jessica (D:3)
  Natasha (thrice) (D:2)
  Robin (D:4)
  A howler monkey skeleton (D:4)
  11 adders
  4 worms
  3 dart slugs
  3 orcs
  5 ball pythons
  5 bats
  2 endoplasms (D:1)
  5 giant cockroaches
  13 goblins
  10 hobgoblins
  8 jackals
  3 quokkas
  3 frilled lizards (D:3)
  5 kobolds
  3 rats
106 creatures vanquished.

Vanquished Creatures (others)
  2 demonic plants (D:3)
2 creatures vanquished.

Grand Total: 108 creatures vanquished

Notes
Turn   | Place    | Note
-------+----------+-------------------------------------------
     0 | D:1      | tatocazan the Demonspawn Fighter began the quest for the
                  | Orb.
     0 | D:1      | Reached XP level 1. HP: 18/18 MP: 1/1
   305 | D:1      | Reached skill level 2 in Axes
   498 | D:1      | Gained mutation: Your demonic aura sometimes causes spilled
                  | blood to erupt in flames. [demonic ancestry]
   498 | D:1      | Reached XP level 2. HP: 24/24 MP: 2/2
  1084 | D:2      | Gained mutation: Your touch may inflict minor irresistible
                  | damage on your foes. [demonic ancestry]
  1084 | D:2      | Reached XP level 3. HP: 24/29 MP: 3/3
  1423 | D:2      | Noticed Natasha
  1430 | D:2      | Killed Natasha
  1431 | D:2      | Gained mutation: Your touch may inflict irresistible damage
                  | on your foes. [demonic ancestry]
  1431 | D:2      | Reached XP level 4. HP: 15/35 MP: 4/4
  1755 | D:2      | Noticed Natasha
  2140 | D:2      | Killed Natasha
  2141 | D:2      | Reached skill level 3 in Axes
  2534 | D:3      | Noticed Sigmund
  2543 | D:3      | Killed Sigmund
  2544 | D:3      | Gained mutation: You are surrounded by a mild repulsion
                  | field. (EV +2) [demonic ancestry]
  2544 | D:3      | Reached XP level 5. HP: 15/42 MP: 5/5
  2742 | D:2      | Noticed Natasha
  2756 | D:2      | Killed Natasha
  2757 | D:2      | Reached XP level 6. HP: 45/48 MP: 6/6
  2781 | D:3      | Reached skill level 4 in Axes
  2980 | D:3      | Noticed Grinder
  2989 | D:3      | Killed Grinder
  3171 | D:3      | Reached XP level 7. HP: 55/55 MP: 7/7
  3444 | D:3      | Noticed Jessica
  3450 | D:3      | Killed Jessica
  3454 | D:3      | Identified a scroll of acquirement
  3454 | D:3      | Acquired the amulet of Inumif {Acrobat rC+ Int+2 Slay+2}
  3662 | D:3      | Found a faded altar of an unknown god.
  3884 | D:4      | Reached skill level 5 in Axes
  4052 | D:4      | Noticed Robin
  4065 | D:4      | Killed Robin
  4147 | D:4      | Noticed Blork the orc
  4153 | D:4      | Killed Blork the orc
  4495 | D:4      | Reached skill level 5 in Fighting
  4532 | D:4      | Found Qeluor's Antique Armour Shop.
  4729 | D:5      | Entered Level 5 of the Dungeon
  4808 | D:5      | Reached XP level 8. HP: 62/62 MP: 8/8
  4820 | D:5      | Found a shimmering altar of Xom.
  4946 | D:5      | Found a staircase to the Ecumenical Temple.
  4961 | Temple   | Entered the Ecumenical Temple
  5109 | Temple   | Became a worshipper of Uskayaw the Reveller
  5129 | D:5      | Reached * piety under Uskayaw
  5131 | D:5      | Reached skill level 6 in Axes
  5235 | D:5      | Found a runed translucent gate.
  5236 | D:5      | Found a runed translucent gate.
  5237 | D:5      | Found a runed translucent gate.
  5437 | D:5      | Noticed AttackTheMoon's ghost (novice KoDe)
  5787 | D:6      | Reached ** piety under Uskayaw
  5824 | D:6      | Reached skill level 1 in Invocations
  5838 | D:6      | Reached skill level 5 in Armour
  5838 | D:6      | Reached skill level 5 in Shields
  5854 | D:6      | Reached *** piety under Uskayaw
  5858 | D:6      | Killed from afar by an orc priest

Illustrated notes

Levels and vault maps discovered:
D:1:      ebering_trefoil_3fold, layout_loops_corners
D:2:      layout_basic, kennysheep_generic_room_8, uniq_natasha
D:3:      layout_loops_ring, dreamdust_ecumenical_altar_sealed_demon,
          minmay_quadrilaterals, uniq_grinder, uniq_sigmund, uniq_jessica
D:4:      layout_gridville, serial_shops, shop, uniq_blork_the_orc, uniq_robin
D:5:      layout_cave_pools, xom_teletrap_fun,
          minmay_temple_entry_statues_fountains, gammafunk_ghost_icy,
          dk_vineyard_3, minivault_5
D:6:      layout_cave_pools, uniq_edmund
Temple:   mainiacjoe_temple_trianglar_array

Skill      XL: |  1  2  3  4  5  6  7  8 |
---------------+-------------------------+-----
Axes           | 2 3 4 5 6 |  6.3
Armour         | 3 4 5 |  5.1
Shields        | 3 4 5 |  5.1
Fighting       | 4 5 |  5.5
Invocations    | 1 |  1.8

Action                   |  1- 3 |  4- 6 |  7- 9 || total
-------------------------+-------+-------+-------++-------
Melee: War axe           |    79 |    99 |   178 ||   356
Throw: Dart              |       |     2 |       ||     2
  Use: Potion            |     1 |     1 |       ||     2
       Scroll            |       |       |    15 ||    15
 Stab: Paralysed         |       |       |     1 ||     1
Armor: Scale mail        |    55 |    32 |    16 ||   103
       Chain mail        |       |       |    50 ||    50
Dodge: Dodged            |    40 |    46 |    68 ||   154
Block: Buckler           |    23 |    22 |       ||    45
       Kite shield       |       |     3 |    85 ||    88

Table legend: (Time is in decaauts)
 A = Elapsed time spent in this place.
 B = Non-inter-level travel time spent in this place.
 C = Inter-level travel time spent in this place.
 D = Time resting spent in this place.
 E = Time spent auto-exploring this place.
 F = Levels seen in this place.
 G = Mean time per level.
                   A        B        C        D        E       F      G
               +--------+--------+--------+--------+--------+-----+--------+
         Total |   6005 |   5842 |    163 |   1130 |   3740 |   7 |  857.9 |
       Dungeon |   5843 |   5692 |    151 |   1130 |   3609 |   6 |  973.8 |
        Temple |    161 |    149 |     12 |      0 |    131 |   1 |  161.0 |
               +--------+--------+--------+--------+--------+-----+--------+

Top non-repeatable levels by time:
     D:2: 1639 daAuts
     D:3: 1213 daAuts
     D:4: 1020 daAuts
     D:1: 981 daAuts
     D:5: 899 daAuts
  Temple: 161 daAuts
     D:6: 89 daAuts
